 Dungeon Crawl Stone Soup version 0.30-a0-639-g3916f1956a (webtiles) character file.

Game seed: 16097967893416965078

134 Vylera the Poker (level 4, 0/33 HPs)
             Began as a Demonspawn Gladiator on Jan 16, 2023.
             Was a Believer of Cheibriados.
             Slain by a gnoll
             ... wielding a +0 halberd
              (7 damage)
             ... on level 3 of the Dungeon.
             The game lasted 00:03:03 (1372 turns).

Vylera the Poker (Demonspawn Gladiator)             Turns: 1372, Time: 00:03:04

Health: 0/33       AC:  4    Str: 21    XL:     4   Next: 95%
Magic:  6/6        EV: 13    Int: 14    God:    Cheibriados [**....]
Gold:   164        SH:  0    Dex: 20    Spells: 3/3 levels left

rFire   . . .      SeeInvis .    a - +0 trident
rCold   . . .      Faith    .    (no shield)
rNeg    . . .      Spirit   .    b - +0 leather armour
rPois   .          Reflect  .    c - +0 helmet
rElec   .          Harm     .    (no cloak)
rCorr   +          Rampage  .    (no gloves)
Will    .....                    (no boots)
Stlth   +                        (no amulet)
HPRegen 0.25/turn                g - ring of resist corrosion
MPRegen 0.10/turn                (no ring)

@: lethally poisoned (0 -> 0), very slow
A: hooves 2, demonic guardian 1
a: Renounce Religion, Bend Time


You were on level 3 of the Dungeon.
You worshipped Cheibriados.
Cheibriados was pleased with you.
You visited 1 branch of the dungeon, and saw 3 of its levels.

You collected 164 gold pieces.

Inventory:

Hand Weapons
 a - a +0 trident (weapon)
Missiles
 d - 5 throwing nets (quivered)
 e - a javelin
Armour
 b - a +0 leather armour (worn)
 c - a +0 helmet (worn)
Jewellery
 g - a ring of resist corrosion (left hand)
Scrolls
 f - 3 scrolls of identify {unknown}
 j - 2 scrolls of poison {unknown}
 l - 2 scrolls of magic mapping {unknown}
 n - a scroll of silence {unknown}
Potions
 h - 2 potions of lignification {unknown}
 i - 2 potions of invisibility {unknown}
 k - 2 potions of curing {unknown}
 m - a potion of berserk rage {unknown}
 o - a potion of flight {unknown}


   Skills:
 - Level 2.0 Fighting
 * Level 4.7 Polearms
 - Level 1.7 Throwing
 - Level 2.6 Dodging
 + Level 2.7 Invocations


You had 3 spell levels left.
You didn't know any spells.
Your spell library contained the following spells:

 Spells                   Type           Power      Damage    Failure   Level
 Sting                    Tmut/Pois      0%         1d3       32%         1
 Poisonous Vapours        Pois/Air       0%         N/A       45%         2
 Olgreb's Toxic Radiance  Pois           0%         N/A       97%         4


Dungeon Overview and Level Annotations

Branches:
Dungeon (3/15)

Altars:
Cheibriados
Makhleb


Innate Abilities, Weirdness & Mutations

You have hoof-like feet.
A weak demonic guardian rushes to your aid.


Message History

The gnoll hits you from afar with a +0 halberd.
You puncture the worm!
The worm is heavily wounded.
The gnoll misses you. The adder misses you.
You barely miss the worm. You kick the worm.
The worm is severely wounded.
The gnoll hits you from afar with a +0 halberd!
The adder bites you but does no damage. The worm misses you.
You puncture the worm!
You kill the worm!
The adder closely misses you. The gnoll barely misses you.
The adder attacks as you move away! The adder barely misses you.
The adder bites you. The hobgoblin closely misses you.
The gnoll barely misses you. The hobgoblin attacks as you move away!
The hobgoblin hits you but does no damage.
The adder bites you but does no damage.
You closely miss the adder. The adder bites you.
You are poisoned.
The adder poisons you! The adder closely misses you.
You miss the adder. Your kick misses the adder.
You feel sick. The adder closely misses you. The gnoll closely misses you.
You barely miss the adder.
You feel sick. The adder barely misses you. x2
The gnoll barely misses you.
You miss the adder. Your kick misses the adder.
You feel sick. The adder barely misses you.
The gnoll hits you from afar with a +0 halberd!
* * * LOW HITPOINT WARNING * * *
A demonic guardian appears!
The adder attacks as you move away! The adder completely misses you.
You feel sick.
Your quasit bites the adder.
Your quasit barely misses the adder.
Your quasit claws the adder.
The adder barely misses you.
Your quasit bites the adder.
Your quasit closely misses the adder.
Your quasit claws the adder.
You feel sick.
Your quasit closely misses the adder. x2
Your quasit barely misses the adder.
The adder misses you.
Your quasit barely misses the adder.
Your quasit claws the adder.
Your quasit closely misses the adder.
The gnoll hits you from afar with a +0 halberd!
You die...

# ...........# #.#
...#........# #.#
...#........# #.#
........)...# #.#####
#...)....####......
#.....†.....#.....# .
#.............#.###
....#####5#.:.......†)..
.......@Sg..........#...
.....#####g...........##
... #....##.......# .
#g).#............
.)..##............
#?.?###.####......≈
#..?. .# #.#....# #...#.
...:..# ....### #


You could see a gnoll, an adder (ally target), a hobgoblin and a friendly quasit
(summoned).

Vanquished Creatures
  An orc wizard (D:3)
  2 gnolls (D:3)
  4 adders (D:3)
  A worm (D:3)
  6 orcs (D:3)
  4 ball pythons
  A bat zombie (D:3)
  6 endoplasms
  A giant cockroach (D:1)
  5 goblins
  2 hobgoblins (D:3)
  A quokka (D:1)
  8 bats
  A frilled lizard (D:2)
  5 rats
48 creatures vanquished.

Vanquished Creatures (others)
  A fungus (D:1)
1 creature vanquished.

Grand Total: 49 creatures vanquished

Notes
Turn   | Place    | Note
-------+----------+-------------------------------------------
     0 | D:1      | Vylera the Demonspawn Gladiator began the quest for the
                  | Orb.
     0 | D:1      | Reached XP level 1. HP: 16/16 MP: 1/1
    60 | D:1      | Reached skill level 3 in Polearms
   194 | D:1      | Gained mutation: A weak demonic guardian rushes to your
                  | aid. [demonic ancestry]
   194 | D:1      | Reached XP level 2. HP: 22/22 MP: 2/2
   302 | D:1      | Found a faded altar of an unknown god.
   323 | D:1      | Prayed at the altar of an unknown god.
   323 | D:1      | Became a worshipper of Cheibriados the Contemplative
   323 | D:1      | Reached * piety under Cheibriados
   807 | D:2      | Found a burning altar of Makhleb.
  1123 | D:3      | Reached skill level 1 in Invocations
  1123 | D:3      | Gained mutation: You have large cloven feet. [demonic
                  | ancestry]
  1123 | D:3      | Reached XP level 3. HP: 27/27 MP: 3/3
  1199 | D:3      | Reached ** piety under Cheibriados
  1200 | D:3      | Reached skill level 4 in Polearms
  1221 | D:3      | Gained mutation: You have hoof-like feet. [demonic
                  | ancestry]
  1221 | D:3      | Reached XP level 4. HP: 24/33 MP: 5/5
  1372 | D:3      | Slain by a gnoll

Illustrated notes

Levels and vault maps discovered:
D:1:      dpeg_arrival_stonehenge_8_columns, layout_loops_ring,
          shapermc_ecumenical_altar_mp_ritualfount
D:2:      layout_basic, basic_altar, nrook_mini_vaults
D:3:      layout_rooms, lemuel_zombie_altar_kikubaaqudgha,
          nicolae_ru_path_of_blood, minmay_circle_x

Skill      XL: |  1  2  3 |
---------------+----------+-----
Polearms       | 3 4 |  4.7
Invocations    | 1 2 |  2.7
Fighting       | |  2.0
Throwing       | |  1.7
Dodging        | |  2.6

Action                   |  1- 3 |  4- 6 || total
-------------------------+-------+-------++-------
Melee: Trident           |    91 |    31 ||   122
       Kick              |     5 |     6 ||    11
 Stab: Sleeping          |     2 |       ||     2
Armor: Leather armour    |    25 |    11 ||    36
Dodge: Dodged            |    45 |    32 ||    77

Table legend: (Time is in decaauts)
 A = Elapsed time spent in this place.
 B = Non-inter-level travel time spent in this place.
 C = Inter-level travel time spent in this place.
 D = Time resting spent in this place.
 E = Time spent auto-exploring this place.
 F = Levels seen in this place.
 G = Mean time per level.
                   A        B        C        D        E       F      G
               +--------+--------+--------+--------+--------+-----+--------+
         Total |   1704 |   1646 |     58 |      0 |   1335 |   3 |  568.0 |
       Dungeon |   1704 |   1646 |     58 |      0 |   1335 |   3 |  568.0 |
               +--------+--------+--------+--------+--------+-----+--------+

Top non-repeatable levels by time:
     D:1: 872 daAuts
     D:2: 447 daAuts
     D:3: 384 daAuts
